 Dungeon Crawl Stone Soup version 0.30-a0-626-gd6a5dd7a1f (webtiles) character file.

Game seed: 13195522397386555664

1347 night the Skirmisher (level 8, -1/44 HPs)
             Began as a Tengu Hunter on Jan 11, 2023.
             Was a Follower of Hepliaklqana.
             Slain by a hornet (14 damage)
             ... on level 6 of the Dungeon.
             The game lasted 00:10:13 (4261 turns).

night the Skirmisher (Tengu Hunter)                 Turns: 4261, Time: 00:10:14

Health: -1/44      AC:  4    Str: 11    XL:     8   Next: 62%
Magic:  9/9        EV: 17    Int: 11    God:    Hepliaklqana [*.....]
Gold:   172        SH:  5    Dex: 19    Spells: 4/7 levels left

rFire   . . .      SeeInvis .    a - +0 shortbow
rCold   . . .      Faith    .    (shield currently unavailable)
rNeg    + . .      Spirit   .    c - +0 leather armour
rPois   .          Reflect  +    (helmet restricted)
rElec   .          Harm     .    w - +0 cloak
rCorr   .          Rampage  .    (no gloves)
Will    +....                    (boots unavailable)
Stlth   ++                       n - amulet of reflection
HPRegen 0.27/turn                f - ring of positive energy
MPRegen 0.11/turn                z - ring of willpower

@: flying quickly and evasively, slowed, very slow
A: reduced essence, beak, talons 3, nimble flight
a: Renounce Religion, Recall Ancestor, Ancestor Identity


You were on level 6 of the Dungeon.
You worshipped Hepliaklqana.
Hepliaklqana was aware of your devotion.
You visited 1 branch of the dungeon, and saw 6 of its levels.

You collected 172 gold pieces.

Inventory:

Hand Weapons
 a - a +0 shortbow (weapon)
Missiles
 g - 47 stones
 m - 2 boomerangs
 o - 10 poisoned darts
 p - 3 atropa-tipped darts
Armour
 c - a +0 leather armour (worn)
 w - a +0 cloak (worn)
Jewellery
 f - a ring of positive energy (left hand)
 n - an amulet of reflection (around neck)
 z - a ring of willpower (right hand)
Wands
 x - a wand of digging (4)
Scrolls
 b - 3 scrolls of immolation
 d - a scroll of magic mapping
 j - 2 scrolls of amnesia
 l - a scroll of vulnerability
 q - 3 scrolls of teleportation
 s - a scroll of silence {unknown}
 t - a scroll of blinking {unknown}
 u - a scroll of noise {unknown}
 v - 2 scrolls of identify
 y - a scroll of poison {unknown}
Potions
 e - a potion of attraction {unknown}
 h - 2 potions of curing
 i - 3 potions of might {unknown}
 k - a potion of flight {unknown}
 r - 2 potions of heal wounds {unknown}


   Skills:
 + Level 5.1 Fighting
 * Level 8.6 Ranged Weapons
 + Level 5.5 Dodging
 - Level 1.0 Stealth
 + Level 3.2 Ice Magic


You had 4 spell levels left.
You knew the following spells:

 Your Spells              Type           Power      Damage    Failure   Level
a - Frozen Ramparts       Ice            14%        1d3       36%         3

Your spell library contained the following spells:

 Spells                   Type           Power      Damage    Failure   Level
 Freeze                   Ice            28%        1d5       13%         1
 Cigotuvi's Dreadful Rot  Necr/Pois/Air  0%         N/A       56%         2
 Poisonous Vapours        Pois/Air       0%         N/A       56%         2
 Hailstorm                Conj/Ice       3%         3d3       58%         3
 Dazzling Flash           Conj/Hex       0%         N/A       80%         3
 Mephitic Cloud           Conj/Pois/Air  0%         N/A       80%         3
 Iskenderun's Mystic Bla  Conj/Tloc      0%         2d3       99%         4
 Starburst                Conj/Fire      0%         6d3       100%        6


Dungeon Overview and Level Annotations

Branches:
Dungeon (6/15)
 Temple: D:4-7

Altars:
Gozag
Hepliaklqana
Nemelex Xobeh
Yredelemnul

Shops:
D:1 =


Innate Abilities, Weirdness & Mutations

Your life essence is reduced to manifest your ancestor. (-10% HP)
You have a beak for a mouth.
You have claws for feet.
Your magical nature lets you fly swiftly and evasively.


Message History

Magic restored.
Things that are here:
a +0 giant spiked club; an ogre corpse
v - 2 scrolls of identify (gained 1)
You reach down and open the door.
Found a sling.
There is an open door here.
g - 47 stones (gained 7)
A hornet comes into view.
The hornet buzzes angrily.
You shoot an arrow.
The arrow hits the hornet but does no damage.
Kammani is still trapped in memory!
There is an open door here.
You reach down and close the door.
You start waiting.
Kammani emerges from the mists of memory!
You reach down and open the door.
The hornet barely misses you.
You swap places.
Kammani hits the hornet but does no damage.
The hornet stings you!
You are poisoned.
You suddenly lose the ability to move!
You feel very sick. The hornet stings you.
You feel yourself slow down.
Kammani misses the hornet.
The hornet stings you.
You feel as though you will be slow longer.
You can move again.
You shoot an arrow. The arrow hits the hornet.
The hornet is lightly wounded.
You feel very sick. The hornet stings you!
* * * LOW HITPOINT WARNING * * *
You feel as though you will be slow longer.
Kammani barely misses the hornet.
The hornet completely misses you.
Kammani hits the hornet but does no damage.
It was a potion of curing.
You feel better.
The hornet stings you but does no damage.
The hornet misses you.
Kammani hits the hornet.
The hornet stings you!
You die...

#.......... #..........
#.......... #.........
#.........
##########...##########+##
#......#.....##...........
#...........Ry...........
#...........@#...........
#..........).#...........
#...........<#...........
##+#####..##+#......)....
#..# ../....######
....#........#
.....#........#
......#........# ....
#........#


You could see the friendly Kammani the ancestor and a hornet (ally target).

Vanquished Creatures
  A shadow (D:5)
  A water moccasin (D:4)
  An ice beast (D:3)
  A black bear (D:5)
  2 ogres
  A phantom (D:4)
  A necrophage (D:4)
  2 scorpions (D:5)
  A killer bee (D:5)
  A howler monkey (D:5)
  Crazy Yiuf (D:4)
  3 orc priests
  2 jellies
  Terence (D:2)
  An orc wizard (D:5)
  4 adders
  A shadow imp (D:5)
  4 worms (D:2)
  A dart slug (D:3)
  6 orcs
  3 endoplasms
  A giant cockroach (D:2)
  8 goblins
  12 hobgoblins
  10 jackals
  2 quokkas
  6 ball pythons
  11 bats
  6 frilled lizards
  5 kobolds
  6 rats
106 creatures vanquished.

Vanquished Creatures (collateral kills)
  An iguana (D:4)
  An adder (D:5)
  A dart slug (D:5)
  An orc (D:4)
  A quokka (D:5)
  A goblin (D:4)
6 creatures vanquished.

Vanquished Creatures (others)
  4 ancestors
4 creatures vanquished.

Grand Total: 116 creatures vanquished

Notes
Turn   | Place    | Note
-------+----------+-------------------------------------------
     0 | D:1      | night the Tengu Hunter began the quest for the Orb.
     0 | D:1      | Reached XP level 1. HP: 12/12 MP: 2/2
    69 | D:1      | Reached XP level 2. HP: 17/17 MP: 3/3
   139 | D:1      | Reached XP level 3. HP: 22/22 MP: 4/4
   232 | D:1      | Reached skill level 5 in Ranged Weapons
   447 | D:1      | Found Ijat Sori's Jewellery Emporium.
   487 | D:1      | Found a faded altar of an unknown god.
   716 | D:2      | Reached XP level 4. HP: 22/27 MP: 5/5
   737 | D:2      | Found a basalt altar of Yredelemnul.
  1554 | D:3      | Gained mutation: Your magical nature lets you fly swiftly
                  | and evasively. [Tengu growth]
  1554 | D:3      | Reached XP level 5. HP: 19/32 MP: 6/6
  1611 | D:3      | Noticed Terence
  1632 | D:2      | Killed Terence
  1730 | D:3      | Reached skill level 6 in Ranged Weapons
  1924 | D:3      | Found a hazy altar of Hepliaklqana.
  1928 | D:3      | Became a worshipper of Hepliaklqana the Forgotten
  1980 | D:3      | Found an opulent altar of Gozag.
  2194 | D:3      | Learned a level 3 spell: Frozen Ramparts
  2333 | D:3      | Noticed an ice beast
  2343 | D:3      | HP: 2/32 [ice beast (13)]
  2356 | D:3      | Killed an ice beast
  2357 | D:3      | Reached XP level 6. HP: 6/37 MP: 7/7
  2596 | D:4      | Reached skill level 1 in Ice Magic
  2624 | D:3      | Reached XP level 7. HP: 25/42 MP: 8/8
  2742 | D:4      | Reached skill level 7 in Ranged Weapons
  2877 | D:4      | Reached * piety under Hepliaklqana
  2974 | D:4      | Found a sparkling altar of Nemelex Xobeh.
  2980 | D:4      | Reached skill level 2 in Ice Magic
  3159 | D:4      | Found a runed translucent door.
  3160 | D:4      | Noticed Crazy Yiuf
  3175 | D:4      | Killed Crazy Yiuf
  3350 | D:5      | Entered Level 5 of the Dungeon
  3606 | D:5      | Reached skill level 5 in Dodging
  3606 | D:5      | Reached XP level 8. HP: 43/43 MP: 9/9
  3611 | D:5      | Reached skill level 8 in Ranged Weapons
  3953 | D:5      | Noticed a shadow
  3966 | D:5      | Killed a shadow
  3967 | D:5      | Reached skill level 5 in Fighting
  4240 | D:6      | Noticed a hornet
  4258 | D:6      | Paralysed by a hornet for 1 turns
  4260 | D:6      | HP: 4/44 [hornet (16)]
  4261 | D:6      | Slain by a hornet

Illustrated notes

Levels and vault maps discovered:
D:1:      minmay_arrival_cross, layout_basic, chequers_ecumenical_altar_simple,
          serial_shops, shop
D:2:      layout_basic, basic_altar
D:3:      layout_basic, grunt_gozag_breadcrumbs, nzn_hepliaklqana_mist_gate,
          uniq_terence
D:4:      layout_basic, nemelex_xobeh_ov_fountains_minmay, minmay_diced_spiral,
          uniq_crazy_yiuf_cottage
D:5:      layout_loops_ring, minmay_small_thing
D:6:      layout_gridville, temple_green

Skill      XL: |  1  2  3  4  5  6  7  8 |
---------------+-------------------------+-----
Ranged Weapons | 5 6 7 8 |  8.6
Dodging        | 3 4 5 |  5.5
Fighting       | 3 4 5 |  5.1
Ice Magic      | 1 2 3 |  3.2
Stealth        | |  1.0

Action                   |  1- 3 |  4- 6 |  7- 9 || total
-------------------------+-------+-------+-------++-------
 Fire: Shortbow          |   106 |   175 |   129 ||   410
Throw: Dart              |       |     1 |       ||     1
Invok: Recall Ancestor   |       |       |     3 ||     3
       Ancestor Identity |       |       |     1 ||     1
  Use: Scroll            |       |       |     4 ||     4
       Potion            |       |       |     1 ||     1
Armor: Leather armour    |     7 |    15 |     5 ||    27
Dodge: Dodged            |    46 |    55 |    27 ||   128
Block: Other             |       |    19 |    10 ||    29
       Reflection        |       |     1 |       ||     1

Table legend: (Time is in decaauts)
 A = Elapsed time spent in this place.
 B = Non-inter-level travel time spent in this place.
 C = Inter-level travel time spent in this place.
 D = Time resting spent in this place.
 E = Time spent auto-exploring this place.
 F = Levels seen in this place.
 G = Mean time per level.
                   A        B        C        D        E       F      G
               +--------+--------+--------+--------+--------+-----+--------+
         Total |   4189 |   4063 |    126 |    510 |   2759 |   6 |  698.2 |
       Dungeon |   4189 |   4063 |    126 |    510 |   2759 |   6 |  698.2 |
               +--------+--------+--------+--------+--------+-----+--------+

Top non-repeatable levels by time:
     D:3: 1052 daAuts
     D:2: 1009 daAuts
     D:5: 800 daAuts
     D:4: 642 daAuts
     D:1: 622 daAuts
     D:6: 62 daAuts
